 Dungeon Crawl Stone Soup version 0.21.1-1-g345015f (webtiles) character file.

65 goulibeur the Distorting Demonspawn (level 3, 0/29 HPs)
             Began as a Demonspawn Abyssal Knight on July 1, 2018.
             Was a Believer of Lugonu.
             Slain by a quokka (3 damage)
             ... on level 2 of the Dungeon.
             The game lasted 00:05:55 (2048 turns).

goulibeur the Distorting Demonspawn (DsAK)          Turns: 2048, Time: 00:05:57

Health: 0/29       AC:  4    Str: 12    XL:     3   Next: 94%
Magic:  6/6        EV: 12    Int: 13    God:    Lugonu [**....]
Gold:   38         SH:  0    Dex: 13    Spells: 2/2 levels left

rFire    . . .     SeeInvis .   a - +1 short sword
rCold    . . .     Gourm    .   (no shield)
rNeg     . . .     Faith    .   b - +0 leather armour
rPois    .         Spirit   .   (no helmet)
rElec    .         Reflect  .   (no cloak)
rCorr    .         Harm     .   (no gloves)
MR       .....                  (no boots)
Stlth    +.........             (no amulet)
HPRegen  0.09/turn              (no ring)
MPRegen  0.10/turn              (no ring)

@: no status effects
A: rugged brown scales 1
a: Depart the Abyss, Bend Space, Renounce Religion


You were on level 2 of the Dungeon.
You worshipped Lugonu.
Lugonu was pleased with you.
You were hungry.

You visited 1 branch of the dungeon, and saw 2 of its levels.
You visited the Abyss 1 time.

You collected 38 gold pieces.

Inventory:

Hand Weapons
 a - a +1 short sword (weapon)
 j - a +0 spear of venom
Armour
 b - a +0 leather armour (worn)
Jewellery
 k - an uncursed ring of resist corrosion {unknown}
Scrolls
 d - 2 scrolls of blinking {unknown}
 e - 2 scrolls of teleportation {unknown}
 h - 2 scrolls of identify {unknown}
Potions
 f - a potion of might {unknown}
 g - a potion of magic {unknown}
 i - a potion of haste {unknown}
 l - a potion of heal wounds {unknown}
Comestibles
 c - 3 rations


   Skills:
 + Level 3.4 Fighting
 - Level 1.7 Short Blades
 + Level 2.3 Armour
 + Level 1.6 Dodging
 * Level 4.0 Invocations


You had 2 spell levels left.
You didn't know any spells.

Dungeon Overview and Level Annotations

Branches:
Dungeon (2/15)

Altars:


Innate Abilities, Weirdness & Mutations

You are partially covered in rugged brown scales. (AC +1, +3% HP)


Message History

You see here a throwing net.
You feel sick. The quokka bites you.
* * * LOW HITPOINT WARNING * * *
You see here a spear of venom.
j - a spear of venom You feel sick.
The quokka bites you but does no damage.
The quokka completely misses you.
You feel sick.
You are no longer poisoned.
There is a stone staircase leading down here.
There is an escape hatch in the floor here.
The quokka twitches its whiskers.
The quokka bites you.
* * * LOW HITPOINT WARNING * * *
The quokka bites you but does no damage.
The quokka twitches its whiskers.
The quokka bites you.
You die...

#...##..# #.####.. #......##
#.# ##.# ##..#### ###.###..)
########)####### #.........
#..............#####.....##.#
#........#####..............#
#........##########..#####..#
#......<........###.#### #...
#......##...@r.gg......###.#.
#......#........######.>....(
#...............#########.###
#...............##...g.g>.# #
#...............#..##########
#######.........(.## ####.
#.........### ##....
##.......#########.....
....... #..........##


You could see 2 gnolls and a quokka.

Vanquished Creatures
  A gnoll (D:2)
  An ooze (D:2)
  A worm (D:2)
  3 dart slugs
  A leopard gecko (D:2)
  9 bats
  8 goblins
  5 hobgoblins
  A quokka (D:2)
  A frilled lizard (D:2)
  5 kobolds
  3 rats
39 creatures vanquished.

Notes
Turn   | Place    | Note
-------+----------+-------------------------------------------
     0 | Abyss:1  | goulibeur the Demonspawn Abyssal Knight began the quest for the Orb.
     0 | Abyss:1  | Reached XP level 1. HP: 18/18 MP: 2/2
    62 | Abyss:1  | Noticed a starcursed mass
    63 | D:1      | Escaped the Abyss
    75 | D:1      | Reached skill level 1 in Dodging
    88 | D:1      | Reached * piety under Lugonu
   217 | D:1      | Gained mutation: You are partially covered in rugged brown scales. (AC +1, +3% HP) [demonic ancestry]
   217 | D:1      | Reached XP level 2. HP: 13/24 MP: 4/4
   227 | D:1      | Reached skill level 3 in Invocations
  1161 | D:2      | Reached XP level 3. HP: 28/29 MP: 5/5
  1694 | D:2      | Reached ** piety under Lugonu
  2005 | D:2      | Reached skill level 4 in Invocations
  2048 | D:2      | Slain by a quokka

Skill      XL: |  1  2  3 |
---------------+----------+-----
Dodging        | 1 |  1.6
Invocations    | 3 4 |  4.0
Armour         | 2 |  2.3
Fighting       | |  3.4
Short Blades   | |  1.7

Action                   || total
-------------------------++-------
Melee: Short sword       ||   143
Invok: Depart the Abyss  ||     1
  Eat: Chunk             ||     3
Armor: Leather armour    ||    43
Dodge: Dodged            ||   102
